 Dungeon Crawl Stone Soup version 0.19.5 (webtiles) character file.

49 Gargoyl the Skirmisher (level 3, -4/33 HPs)
             Began as a Ghoul Abyssal Knight on Apr 22, 2017.
             Was a Believer of Lugonu.
             Slain by Sigmund
             ... wielding a +4 scythe of slicing
              (10 damage)
             ... on level 2 of the Dungeon.
             The game lasted 00:03:31 (1096 turns).

Gargoyl the Skirmisher (Ghoul Abyssal Knight)       Turns: 1096, Time: 00:03:31

Health: -4/33      AC: 11    Str: 14 (15) XL:     3   Next: 77%
Magic:  3/3        EV:  4    Int:  6 (7)  God:    Lugonu [**....]
Gold:   50         SH:  0    Dex:  7 (9)  Spells: 0 memorised, 2 levels left

rFire  . . .     SeeInvis .     a - +1 hand axe
rCold  + . .     Gourm    .     d - +0 plate armour
rNeg   + + +     Faith    .     (no shield)
rPois  ∞         Spirit   .     (no helmet)
rElec  .         Reflect  .     (no cloak)
rCorr  .         Harm     .     (no gloves)
MR     .....                    (no boots)
Stlth  ..........               (no amulet)
                                (no ring)
                                (no ring)

@: confused, flying (expiring), rotting
A: rotting body, claws 1, carnivore 3, cold resistance 1, negative energy
resistance 3, slow regeneration 1, torment resistance, unbreathing
a: Depart the Abyss, Bend Space, Renounce Religion


You were on level 2 of the Dungeon.
You worshipped Lugonu.
Lugonu was pleased with you.
You were not hungry.

You visited 1 branch of the dungeon, and saw 2 of its levels.
You visited the Abyss 1 time.

You collected 50 gold pieces.

Inventory:

Hand Weapons
 a - a +1 hand axe (weapon)
Armour
 d - a +0 plate armour (worn)
Jewellery
 h - an uncursed ring of resist corrosion {unknown}
Scrolls
 j - a scroll of magic mapping {unknown}
Comestibles
 c - 4 meat rations
 f - a slice of pizza


   Skills:
 + Level 3.9 Fighting
 + Level 2.4 Axes
 * Level 2.2 Armour
 + Level 0.8 Dodging
 * Level 2.4 Invocations


You had 2 spell levels left.
You didn't know any spells.

Dungeon Overview and Level Annotations

Branches:
Dungeon (2/15)

Altars:

Annotations:
D:2 Sigmund


Innate Abilities, Weirdness & Mutations

Your body is rotting away.
You thrive on raw meat.
You are immune to poison.
You have sharp fingernails.
You are carnivorous and can eat meat at any time.
Your flesh is cold resistant. (rC+)
You are immune to negative energy. (rN+++)
You regenerate slowly when monsters are visible.
You are immune to unholy pain and torment.
You can survive without breathing.


Message History

You closely miss something. Something hits you.
Your plate armour prevents you from hitting something.
You hear some strange, mumbled words.
Something tries to affect you, but you resist.
It was a potion of berserk rage.
You cannot raise a blood rage in your lifeless body.
Something hits you but does no damage.
You hit something but do no damage. Something hits you but does no damage.
You hit something.
You are starting to lose your buoyancy.
Something hits you but does no damage.
You slash something! You closely miss something.
Something hits you but does no damage.
You hit something. Something hits you.
* * * LOW HITPOINT WARNING * * *
x2 You slash something!
You hear some strange, mumbled words.
You are confused.
You completely miss something. Something hits you!
You die...

...........)........#
..#####.#...........#
................#.###
...##.#.#..##.#.#.#
...##.#.#..##...#.# .....
.....##.....###.###
....#....................
.................{##..###
....... .......@.....##
....### .............(..
.... .......#.##..### ...
.....).#.# ..# ###
.......... .# ...........
# ....#....##. ..........
.# ... ..# .# #


There were no monsters in sight!

Vanquished Creatures
  3 dart slugs (D:1)
  A leopard gecko (D:1)
  7 bats
  3 goblins
  7 hobgoblins
  4 jackals
  A frilled lizard (D:1)
  8 kobolds
  5 rats
39 creatures vanquished.

Notes
Turn   | Place    | Note
-------+----------+-------------------------------------------
     0 | Abyss:1  | Gargoyl the Ghoul Abyssal Knight began the quest for the Orb.
     0 | Abyss:1  | Reached XP level 1. HP: 19/19 MP: 1/1
     3 | Abyss:1  | Found a corrupted altar of Lugonu.
    22 | Abyss:1  | Noticed a small abomination
    65 | D:1      | Escaped the Abyss
   119 | D:1      | Reached * piety under Lugonu
   122 | D:1      | Reached XP level 2. HP: 19/26 MP: 2/2
   284 | D:1      | Reached XP level 3. HP: 6/33 MP: 3/3
  1039 | D:2      | Reached ** piety under Lugonu
  1058 | D:2      | Noticed Sigmund
  1065 | D:2      | HP: 1/33 [Sigmund/scythe of slicing (1)]
  1096 | D:2      | Slain by Sigmund

Skill      XL: |  1  2 |
---------------+-------+-----
Axes           | 2 |  2.4
Armour         | 2 |  2.2
Fighting       | |  3.9
Dodging        | |  0.8
Invocations    | |  2.4

Action                   || total
-------------------------++-------
Melee: Hand axe          ||   152
Invok: Depart the Abyss  ||     1
  Use: Potion            ||     4
  Eat: Chunk             ||    26
Armor: Plate armour      ||   173
Dodge: Dodged            ||    49
